 Dungeon Crawl Stone Soup version 0.19.0-2-gae57169 (webtiles) character file.

42 dvd the Stinger (level 3, -1/21 HPs)
             Began as an Octopode Venom Mage on Nov 5, 2016.
             Slain by a jackal (2 damage)
             ... on level 2 of the Dungeon.
             The game lasted 00:02:35 (1100 turns).

dvd the Stinger (Octopode Venom Mage)               Turns: 1100, Time: 00:02:35

Health: -1/21      AC:  1    Str:  7    XL:     3   Next: 56%
Magic:  1/6        EV: 13    Int: 18    God:
Gold:   46         SH:  0    Dex: 12    Spells: 1 memorised, 6 levels left

rFire  . . .     SeeInvis .     d - +0 mace (curse)
rCold  . . .     Gourm    .     (no shield)
rNeg   . . .     Faith    .     (helmet restricted)
rPois  .         Spirit   .     (no amulet)
rElec  .         Reflect  .     (no ring)
rCorr  .         Harm     .     (no ring)
MR     .....                    (no ring)
Stlth  +++.......               (no ring)
                                (no ring)
                                (no ring)
                                (no ring)
                                (no ring)

@: no status effects
A: almost no armour, stealthy swim, amphibious, 8 rings, constrict 8, camouflage
1, gelatinous body 1
a: no special abilities


You were on level 2 of the Dungeon.
You were not hungry.

You visited 1 branch of the dungeon, and saw 2 of its levels.

You collected 46 gold pieces.

Inventory:

Hand Weapons
 d - a cursed +0 mace (weapon)
Jewellery
 m - an uncursed amulet of guardian spirit {unknown}
Scrolls
 h - a scroll of enchant weapon {unknown}
 i - a scroll of remove curse {unknown}
 j - a scroll of recharging {unknown}
 k - 3 scrolls of identify {unknown}
Potions
 c - a potion of brilliance {unknown}
 e - a potion of degeneration {unknown}
 g - a potion of haste {unknown}
Books
 a - a Young Poisoner's Handbook

   Spells                             Type                      Level
   a - Sting                          Conjuration/Poison           1
   b - Mephitic Cloud                 Conjuration/Poison/Air       3
   c - Olgreb's Toxic Radiance        Poison                       4
   d - Alistair's Intoxication        Transmutation/Poison         5
   e - Venom Bolt                     Conjuration/Poison           5
Comestibles
 b - a bread ration
 f - 4 chunks of flesh
 l - a meat ration


   Skills:
 + Level 0.2 Fighting
 + Level 0.6 Maces & Flails
 + Level 2.2 Dodging
 + Level 2.9 Stealth
 + Level 2.5 Spellcasting
 + Level 0.2 Conjurations
 + Level 5.4 Poison Magic


You had 6 spell levels left.
You knew the following spells:

 Your Spells              Type           Power        Failure   Level  Hunger
a - Sting                 Conj/Pois      ##..         8%          1    #......


Dungeon Overview and Level Annotations

Branches:
Dungeon (2/15)

Altars:


Innate Abilities, Weirdness & Mutations

You cannot wear most types of armour.
You are very stealthy in the water. (Stealth+)
You are amphibious.
You can wear up to eight rings at the same time.
You can use your tentacles to constrict eight enemies at once.
Your skin changes colour to match your surroundings (Stealth+).
Your rubbery body absorbs attacks. (AC +1, EV +1)


Message History

Aiming: Sting
Press: ? - help, Shift-Dir - straight line, f/p - jackal
Aim: a jackal The sting hits the jackal.
The jackal is poisoned.
The jackal is severely wounded.
The jackal bites you.
* * * LOW HITPOINT WARNING * * *
Unknown command.
The jackal misses you.
You kill the jackal!
Casting: Sting
Confirm with . or Enter, or press ? or * to list all spells.
Aiming: Sting
Press: ? - help, Shift-Dir - straight line, f - jackal
Aim: a jackal The sting hits the jackal.
The jackal is poisoned.
The jackal is lightly wounded.
The jackal bites you but does no damage.
The jackal bites you.
You die...

#.#.# #.#.##.b#
#.#...#.#.....#
#.#.#.#.#####.#
#.#......)....#
#.#..##.#######
#.#...#.#
#.#.#.#.#
#<#.....#
#@###.###
#.h...# #.#####
#.. ###


You could see a jackal.

Vanquished Creatures
  An adder (D:2)
  3 dart slugs (D:1)
  A leopard gecko (D:1)
  A giant cockroach (D:1)
  2 goblins
  2 hobgoblins (D:1)
  A jackal (D:2)
  5 kobolds
  6 bats
  A frilled lizard (D:1)
  4 rats (D:1)
27 creatures vanquished.

Notes
Turn   | Place    | Note
-------+----------+-------------------------------------------
     0 | D:1      | dvd the Octopode Venom Mage began the quest for the Orb.
     0 | D:1      | Reached XP level 1. HP: 11/11 MP: 3/3
   186 | D:1      | Reached skill level 5 in Poison Magic
   199 | D:1      | Reached XP level 2. HP: 17/17 MP: 1/5
   681 | D:1      | Reached XP level 3. HP: 12/21 MP: 0/6
  1093 | D:2      | HP: 1/21 [jackal (2)]
  1100 | D:2      | Slain by a jackal

Skill      XL: |  1 |
---------------+----+-----
Poison Magic   | 5 |  5.4
Fighting       | |  0.2
Maces & Flails | |  0.6
Dodging        | |  2.2
Stealth        | |  2.9
Spellcasting   | |  2.5
Conjurations   | |  0.2

Action                   || total
-------------------------++-------
Melee: Mace              ||    16
       Constrict         ||     6
       Tentacles         ||     2
 Cast: Sting             ||    41
 Stab: Sleeping          ||     1
  Eat: Chunk             ||     1
Armor: Skin              ||     3
Dodge: Dodged            ||    17
